 Dungeon Crawl Stone Soup version 0.31.0-32-g396128a36d (webtiles) character file.

Game seed: 14063564937028900351

107 Alphaeus the Ruffian (level 4, 6/29 HPs)
             Began as an Octopode Shapeshifter on Mar 19, 2024.
             Quit the game on level 4 of the Dungeon.
             The game lasted 00:01:30 (2343 turns).

Alphaeus the Ruffian (Octopode Shapeshifter)        Turns: 2343, Time: 00:01:30

Health: 6/29       AC:  1    Str: 15    XL:     4   Next: 86%
Magic:  4/4        EV: 13    Int: 12    God:
Gold:   86         SH:  0    Dex: 11    Spells: 3/3 levels left

rFire   . .          .
                       - Unarmed
rCold   . . .        (no shield)
rNeg    . . .        (helmet currently unavailable)
rPois   .            (no amulet)
rElec   .            (no ring)
rCorr   .            (no ring)
SInv    .            (no ring)
Will    .....        (no ring)
Stlth   ++           (no ring)
HPRegen 0.24/turn    (no ring)
MPRegen 0.09/turn    (no ring)
                     (no ring)

%: no passive effects
@: seriously poisoned (6 -> 1), beast-form
A: beast (slay +2), almost no armour, amphibious, 8 rings, camouflage 1,
gelatinous body 1, (nimble swimmer 1), tentacles
a: Begin Untransformation


You were on level 4 of the Dungeon.
You were a hulking beast.
You visited 1 branch of the dungeon, and saw 4 of its levels.

You collected 86 gold pieces.

Inventory:

Jewellery
 p - a ring of see invisible
Talismans
 b - a beast talisman
 c - a flux talisman
Scrolls
 d - a scroll of brand weapon {unknown}
 f - a scroll of immolation {unknown}
 g - a scroll of enchant armour {unknown}
 h - a scroll of identify {unknown}
 l - a scroll of fear {unknown}
 m - a scroll of noise {unknown}
 n - a scroll of teleportation {unknown}
 o - 2 scrolls of blinking {unknown}
Potions
 a - a potion of lignification
 e - 2 potions of enlightenment {unknown}
 i - 2 potions of curing {unknown}
 j - 2 potions of mutation {unknown}
 k - a potion of might {unknown}


   Skills:
 + Level 1.9 Fighting
 + Level 2.6 Dodging
 * Level 3.9 Unarmed Combat
 * Level 3.8 Shapeshifting


You had 3 spell levels left.
You didn't know any spells.
Your spell library contained the following spells:

 Spells                   Type           Power      Damage    Failure   Level
 Tukima's Dance           Hex            0%         N/A       69%         3
 Manifold Assault         Tloc           0%         N/A       97%         4
 Passage of Golubria      Tloc           0%         N/A       97%         4
 Yara's Violent Unravell  Hex/Alch       0%         3d3       100%        5
 Dispersal                Tloc           0%         N/A       100%        6
 Disjunction              Tloc           0%         N/A       100%        8


Dungeon Overview and Level Annotations

Branches:
Dungeon (4/15)
 Temple: D:4-7

Altars:

Annotations:
D:3 1 runed translucent door, Crazy Yiuf


Innate Abilities, Weirdness & Mutations

You are a hulking beast.
Your limbs bulge with bestial killing power. (Slay +2)
You cannot wear most types of armour.
You are amphibious.
You can wear up to eight rings at the same time.
Your skin changes colour to match your surroundings (Stealth+).
Your rubbery body absorbs attacks. (AC +1, EV +1)
((You are camouflaged when in or above water. (Stealth+)))
You have tentacles for arms and can constrict up to eight enemies at once.


Message History

The stream of webbing hits you but does no damage.
You are caught in a web!
You struggle to detach yourself from the web.
The web tears apart.
The ribbon worm closely misses you. The gnoll closely misses you.
The ribbon worm attacks as it pursues you!
The ribbon worm barely misses you.
A hobgoblin comes into view.
The gnoll attacks as it pursues you! The gnoll closely misses you.
The ribbon worm attacks as it pursues you!
The ribbon worm closely misses you.
The adder hisses angrily.
The adder bites you.
A hound comes into view.
The hound moves out of view.
A sky beast and a bullfrog come into view.
Found a large ruby ring.
The adder attacks as it pursues you! The adder closely misses you.
The bullfrog moves out of view.
You miss the adder. Your grab misses the adder. The adder misses you.
The adder bites you.
You are poisoned.
The adder poisons you!
You closely miss the adder. You grab the adder.
Your tentacle-slap misses the adder.
You constrict the adder.
You feel sick. The adder bites you.
You are more poisoned.
The adder poisons you!
You tentacle-slap the adder.
The adder is lightly wounded.
You constrict the adder.
You feel sick. The adder misses you.
You tentacle-slap the adder.
Your tentacle-slap misses the adder.
The adder is heavily wounded.
You constrict the adder.
* * * LOW HITPOINT WARNING * * *
You feel sick. The adder completely misses you.
You tentacle-slap the adder.
You kill the adder!
* * * LOW HITPOINT WARNING * * *
You feel sick. The sky beast misses you.
Are you sure you want to abandon this character and quit the game? (Confirm with "yes".)

. . ..# .#. ..
#.# ..# #####Y.#
#g.wh..#
######.###..#
#....g....#.#
#...g.....#..#
#.....<...# ...
#.........# ....
#...g...........=
#.........$......
#..[......g...


You could see a sky beast, a ribbon worm and a gnoll.

Vanquished Creatures
  A scorpion (D:3)
  2 adders
  A ribbon worm (D:3)
  2 ball pythons
  3 endoplasms
  A giant cockroach (D:2)
  A goblin (D:3)
  3 hobgoblins
  2 jackals (D:3)
  3 quokkas
  A bat (D:1)
  2 kobolds
  5 rats
27 creatures vanquished.

Notes
Turn   | Place    | Note
-------+----------+-------------------------------------------
     0 | D:1      | Alphaeus the Octopode Shapeshifter began the quest for the
                  | Orb.
     0 | D:1      | Reached XP level 1. HP: 13/13 MP: 1/1
   379 | D:1      | Reached XP level 2. HP: 18/18 MP: 2/2
   973 | D:2      | Found a faded altar of an unknown god.
  1446 | D:2      | Reached XP level 3. HP: 20/23 MP: 3/3
  1529 | D:3      | Noticed a scorpion
  1537 | D:3      | Killed a scorpion
  1538 | D:3      | Reached XP level 4. HP: 8/29 MP: 4/4
  2007 | D:3      | Found a runed translucent door.
  2008 | D:3      | Noticed Crazy Yiuf
  2337 | D:4      | Noticed a sky beast
  2337 | D:4      | Noticed a bullfrog
  2343 | D:4      | Quit the game

Illustrated notes

Levels and vault maps discovered:
D:1:      heliophobic_arrival_enchanted_forest, layout_basic
D:2:      layout_basic, hellmonk_ecumenical_altar_heavens_door
D:3:      layout_basic, hangedman_feature_mirror, fountainhead,
          uniq_crazy_yiuf_cottage
D:4:      layout_basic, nemelex_altar_shiori, nicolae_wu_jian_glorious_leap,
          minmay_manual_mail, uniq_edmund

Action                     |  1- 3 |  4- 6 || total
---------------------------+-------+-------++-------
  Melee: Unarmed           |    41 |    17 ||    58
         Constrict         |     8 |     5 ||    13
         Tentacles         |     4 |     1 ||     5
         Punch             |     1 |     1 ||     2
    Use: Potion            |       |     2 ||     2
   Stab: Sleeping          |     2 |     1 ||     3
 Armour: Skin              |    16 |     9 ||    25
  Dodge: Dodged            |    22 |    17 ||    39
